 Dungeon Crawl Stone Soup version 0.19-a0-1878-gcbc8a98 (webtiles) character file.

217 JeffiDaFish the Sneak (level 5, -4/36 HPs)
             Began as a Vampire Enchanter on Oct 13, 2016.
             Slain by Maxmaps's ghost (9 damage)
             ... on level 4 of the Dungeon.
             The game lasted 00:19:58 (4172 turns).

JeffiDaFish the Sneak (Vampire Enchanter)           Turns: 4172, Time: 00:19:58

Health: -4/36      AC:  6    Str:  8    XL:     5   Next: 62%
Magic:  2/9        EV: 13    Int: 17    God:
Gold:   158        SH:  0    Dex: 15    Spells: 3 memorised, 3 levels left

rFire  . . .     SeeInvis +     a - +5 dagger
rCold  + . .     Gourm    .     b - +2 robe
rNeg   + + .     Faith    .     (no shield)
rPois  +         Spirit   .     (no helmet)
rElec  .         Dismiss  .     (no cloak)
rCorr  .         Reflect  .     (no gloves)
MR     .....     Harm     .     i - +1 pair of boots
Stlth  ++++......               (no amulet)
                                (no ring)
                                (no ring)

@: regenerating slowly
A: fangs 3, see invisible, unbreathing
a: Bat Form


You were on level 4 of the Dungeon.
You were thirsty.

You visited 1 branch of the dungeon, and saw 4 of its levels.

You collected 158 gold pieces.

Inventory:

Hand Weapons
 a - a +5 dagger (weapon)
 f - a +1 dagger of flaming
Armour
 b - a +2 robe (worn)
 i - a +1 pair of boots (worn)
Scrolls
 e - a scroll of recharging
 g - 3 scrolls of identify
Potions
 d - 15 potions of blood
 j - a potion of might
Books
 c - a book of Maledictions

   Spells                             Type                      Level
   a - Corona                         Hexes                        1
   b - Ensorcelled Hibernation        Hexes/Ice                    2
   c - Confuse                        Hexes                        3
   d - Tukima's Dance                 Hexes                        3
   e - Dazzling Spray                 Conjuration/Hexes            3


   Skills:
 + Level 0.8 Fighting
 + Level 2.4 Short Blades
 + Level 2.9 Dodging
 + Level 6.8 Stealth
 + Level 2.6 Spellcasting
 + Level 5.3 Hexes
 + Level 1.1 Ice Magic


You had 3 spell levels left.
You knew the following spells:

 Your Spells              Type           Power        Failure   Level  Hunger
a - Corona                Hex            ###....      1%          1    #......
b - Ensorcelled Hibernat  Hex/Ice        ##....       10%         2    ##.....
c - Confuse               Hex            ###.....     8%          3    ###....


Dungeon Overview and Level Annotations

Branches:
Dungeon (4/15)
 Temple: D:4-7

Altars:

Shops:
D:4 (

Annotations:
D:4 Maxmaps's ghost, novice FoFi


Innate Abilities, Weirdness & Mutations

You heal slowly.
You have razor-sharp teeth.
You have supernaturally acute eyesight. (SInv)
You can survive without breathing.


Message History

You bite Maxmaps's ghost, but do no damage.
Maxmaps's ghost is lightly damaged.
Maxmaps's ghost closely misses you.
You barely miss Maxmaps's ghost.
Maxmaps's ghost is lightly damaged.
Maxmaps's ghost closely misses you.
You closely miss Maxmaps's ghost.
Maxmaps's ghost is lightly damaged.
You barely miss Maxmaps's ghost.
Maxmaps's ghost is lightly damaged.
Maxmaps's ghost hits you!
You hit Maxmaps's ghost.
Maxmaps's ghost is lightly damaged.
Maxmaps's ghost hits you but does no damage.
Memorise Dazzling Spray, consuming 3 spell levels and leaving 0?
Maxmaps's ghost hits you!
Your memorisation is interrupted.
* * * LOW HITPOINT WARNING * * *
Maxmaps's ghost hits you but does no damage.
Maxmaps's ghost hits you!
You die...

##.##### ##...
#.....###....
#####<.......
####..... #.....
##.... #### #....†
#.W##########
#.....
##.@........#
#.....
##########.###.....
#.........
#####..... #.....
#..... #.....
#..... ##....


You could see Maxmaps's ghost.

Vanquished Creatures
  Ijyb (D:2)
  A worker ant (D:4)
  4 gnolls
  4 adders (D:2)
  2 oozes (D:3)
  3 worms
  4 dart slugs
  2 leopard geckos (D:3)
  An orc (D:3)
  9 bats
  6 giant cockroaches
  4 goblins
  8 hobgoblins
  7 kobolds
  A quokka (D:2)
  A ball python (D:3)
  6 frilled lizards
  4 rats
68 creatures vanquished.

Notes
Turn   | Place    | Note
-------+----------+-------------------------------------------
     0 | D:1      | JeffiDaFish the Vampire Enchanter began the quest for the Orb.
     0 | D:1      | Reached XP level 1. HP: 13/13 MP: 3/3
   530 | D:1      | Reached XP level 2. HP: 9/19 MP: 5/5
   700 | D:1      | Learned a level 2 spell: Ensorcelled Hibernation
  1434 | D:1      | Reached XP level 3. HP: 24/24 MP: 3/6
  1438 | D:1      | Reached skill level 5 in Hexes
  1772 | D:1      | Reached skill level 5 in Stealth
  2764 | D:2      | Reached XP level 4. HP: 31/31 MP: 7/7
  2901 | D:2      | Noticed Ijyb
  2916 | D:2      | Killed Ijyb
  2916 | D:2      | Reached skill level 6 in Stealth
  3037 | D:2      | Reached skill level 1 in Ice Magic
  3238 | D:2      | Learned a level 3 spell: Confuse
  3543 | D:3      | Reached XP level 5. HP: 35/36 MP: 8/8
  3563 | D:3      | HP: 1/36 [gnoll/flail (11)]
  4018 | D:3      | Found a faded altar of an unknown god.
  4112 | D:4      | Found Boalleul's Weapon Shoppe.
  4115 | D:4      | Noticed Maxmaps's ghost (novice FoFi)
  4172 | D:4      | Slain by Maxmaps's ghost

Vault maps used:
D:1:      dpeg_arrival_radiant
D:2:      uniq_iyjb
D:3:      ecumenical_altar_1
D:4:      lemuel_upstairs_altar, serial_shops,
          nicolae_shop_competitors_out_of_business, kennysheep_small_circle,
          uniq_sigmund

Skill      XL: |  1  2  3  4 |
---------------+-------------+-----
Hexes          | 5 |  5.3
Stealth        | 5 6 |  6.8
Short Blades   | 2 |  2.4
Ice Magic      | 1 |  1.1
Fighting       | |  0.8
Dodging        | |  2.9
Spellcasting   | |  2.6

Action                   |  1- 3 |  4- 6 || total
-------------------------+-------+-------++-------
Melee: Dagger            |   148 |    90 ||   238
       Bite              |     9 |     6 ||    15
 Cast: Ensorcelled Hiber |     6 |     7 ||    13
       Confuse           |       |     6 ||     6
  Use: Scroll            |     3 |    10 ||    13
       Potion            |     8 |     6 ||    14
 Stab: Sleeping          |    13 |    18 ||    31
Armor: Robe              |    43 |    17 ||    60
Dodge: Dodged            |    97 |    37 ||   134
